AoeStats
← WuLuDuDu

Pilgrims

509476773Analyzed
4v4 RM · 6d ago on Sep 26, 2026· 38m 56s· 8 players
Game mode
Random Map
Map size
Large (8 player)
Population
200
Speed
Normal
Resources
Standard
Victory
Conquest
Starting age
Dark Age
Ending age
Imperial Age
RankedLock teamsTeams togetherTeam positionsShared explorationLock speedFull tech treeHidden civsTurbo modeCheats
Victory
Defeat
🇹🇷 Spanish · Türkiye
804
+12
🇹🇷 Italians · Türkiye
804
+12
🇧🇷 Jurchens · Brazil
784
+13
🇹🇷 Turks · Türkiye
731
+15
🇩🇪 Byzantines · Germany
814
-16
🇳🇱 Portuguese · Netherlands
724
-13
🇵🇪 Spanish · Peru
677
-12
674
-11
AloneArcher
6:41 Loom
12:28 Feudal Age
13:17 Double-Bit Axe
14:24 Horse Collar
20:07 Fishing Lines
36:56 Castle Age
37:47 Bow Saw
37:41 Heavy Plow
38:05 Gold Mining
38:06 Stone Mining
Gods ;*
11:35 Feudal Age
14:48 Fishing Lines
17:43 Double-Bit Axe
23:52 Stone Mining
23:49 Horse Collar
34:40 Padded Archer Armor
34:30 Fletching
38:16 Castle Age
38:43 Crossbowman
WuLuDuDu
10:56 Feudal Age
14:39 Loom
17:45 Fletching
17:55 Padded Archer Armor
22:58 Castle Age
20:50 Stone Mining
21:06 Double-Bit Axe
28:59 Imperial Age
27:06 Bow Saw
30:03 Ballistics
34:43 Wheelbarrow
35:23 Bodkin Arrow
35:43 Leather Archer Armor
38:11 Bracer
38:26 Leather Archer Armor
careems.ea
6:10 Loom
15:44 Feudal Age
16:41 Fishing Lines
17:04 Horse Collar
18:46 Wheelbarrow
17:56 Town Watch
18:57 Double-Bit Axe
19:52 Bloodlines
20:12 Gold Mining
20:13 Stone Mining
25:21 Castle Age
25:11 Fletching
25:21 Padded Archer Armor
26:41 Town Patrol
26:47 Husbandry
27:03 Gillnets
28:00 Thumb Ring
29:41 Bow Saw
30:59 Hand Cart
31:14 Heavy Plow
33:26 Murder Holes
33:52 Ballistics
33:35 Bodkin Arrow
33:55 Leather Archer Armor
40:33 Imperial Age
38:09 Inquisition
GilmeiNHL
16:14 Feudal Age
16:41 Double-Bit Axe
16:41 Horse Collar
19:11 Gold Mining
20:26 Padded Archer Armor
20:17 Fletching
21:22 Wheelbarrow
24:00 Bloodlines
30:30 Castle Age
31:20 Bodkin Arrow
31:41 Leather Archer Armor
31:59 Hand Cart
Lorkan
15:48 Loom
20:12 Feudal Age
35:06 Castle Age
BOT Sidra (Oscargután Puente)
5:36 Loom
14:47 Feudal Age
16:19 Wheelbarrow
16:01 Horse Collar
16:08 Double-Bit Axe
17:30 Fishing Lines
23:04 Gold Mining
23:08 Stone Mining
23:34 Town Watch
26:29 Castle Age
27:37 Hand Cart
27:40 Medium Warships
27:21 Gillnets
28:30 Bow Saw
31:51 Murder Holes
32:16 Ballistics
32:34 Town Patrol
33:28 Pikeman
35:54 Stone Shaft Mining
36:05 Forging
35:56 Scale Mail Armor
36:05 Anarchy
39:30 Imperial Age
aalber
10:02 Loom
13:24 Feudal Age
15:02 Wheelbarrow
14:48 Double-Bit Axe
15:09 Fishing Lines
24:24 Castle Age
23:44 Bloodlines
23:48 Scale Barding Armor
24:03 Stone Mining
25:53 Husbandry
28:10 Hand Cart
30:14 Bow Saw
Connection lost

Rejoining the realm…

Still unreachable

The connection could not be restored.

Session expired

The server has moved on; the page needs a fresh start.